Map: Dasan Station LE

Players

Nanomiro

  • Race: Terran Terran
  • League: Bronze

Gracz - Winner!

  • Race: Protoss Protoss
  • League: Silver

VOD

Have the link to the VOD?

Description

Time

  • Played on: Oct. 2, 2016, 7:11 a.m.
  • Length: 4:53
Show
View Real Time Build Order
Export as new Build Order

Nanomiro Terran 

Build Orders:  

Get SALT Encoding   

  12  0:05  SCV  
  13  0:33  Supply Depot, SCV  
  14  0:45  SCV  
  15  0:55  Supply Depot  
  15  0:56  Supply Depot  
  15  0:57  SCV  
  16  1:14  Barracks  
  16  1:19  Supply Depot  
  16  1:28  SCV  
  17  1:45  Refinery  
  18  1:50  SCV  
  18  2:03  Supply Depot  
  18  2:06  Engineering Bay  
  18  2:26  Supply Depot  
  18  2:30  SCV  
  18  2:35  Refinery  
  19  2:38  Barracks Tech Lab  
  19  3:10  Supply Depot  
  18  3:28  Marine  
  19  3:46  Marine  
  20  4:04  Marine  
  20  4:21  Marine  
Show
View Real Time Build Order
Export as new Build Order

Gracz Protoss - Winner!

Build Orders:  

Get SALT Encoding   

  12  0:02  Probe (Chrono Boost)  
  13  0:16  Pylon  
  13  0:22  Probe (Chrono Boost)  
  14  0:32  Probe (Chrono Boost)  
  14  0:34  Pylon  
  15  0:45  Assimilator  
  15  0:46  Probe (Chrono Boost)  
  16  0:59  Gateway  
  16  1:04  Gateway  
  16  1:14  Probe (Chrono Boost)  
  17  1:24  Probe (Chrono Boost)  
  18  1:35  Probe (Chrono Boost)  
  19  1:50  Cybernetics Core  
  19  1:52  Probe (Chrono Boost)  
  20  1:59  Zealot x2  
  24  2:09  Assimilator  
  24  2:10  Probe (Chrono Boost)  
  24  2:12  Warp Gate  
  25  2:21  Probe (Chrono Boost)  
  26  2:33  Stalker  
  26  2:34  Stalker  
  26  2:37  Gateway  
  30  3:17  Pylon  
  30  3:35  Stalker x2  
  36  3:49  Stalker  
  36  3:51  Mothership Core (Chrono Boost)  
Tags
 
Add a new tag
Caveats
  • Supply blocks, unpowered buildings, or Contaminate may cause inaccurate times.
  • Supply counts are checked every 10 seconds.